 Dungeon Crawl Stone Soup version 0.28.0 (webtiles) character file.

Game seed: 4970943319433445406

72827 Jepp2078 the Thaumaturge (level 15, -17/115 HPs)
             Began as a Gnoll Conjurer on Feb 11, 2022.
             Was a High Priest of Vehumet.
             Hit by a large rock thrown by a cyclops (28 damage)
             ... on level 12 of the Dungeon on Feb 15, 2022.
             The game lasted 02:30:09 (32731 turns).

Jepp2078 the Thaumaturge (Gnoll Conjurer)          Turns: 32731, Time: 02:30:10

Health: -17/115    AC: 18    Str: 12    XL:     15   Next: 41%
Magic:  17/39      EV: 14    Int: 27    God:    Vehumet [*****.]
Gold:   1294       SH: 10    Dex: 10    Spells: 10/36 levels left

rFire   . . .      SeeInvis .   U - +5 flail of Intimidation {protect, MP+9 Str+4 Int+3}
rCold   . . .      Faith    .   B - +0 kite shield
rNeg    + . .      Spirit   .   b - +3 steam dragon scales
rPois   .          Reflect  .   C - +1 hat
rElec   .          Harm     .   c - +0 cloak
rCorr   .          Rampage  .   q - +1 Delatra's gloves {ID++}
Will    +....                   O - +2 pair of boots {Fly}
Stlth   ++++......              w - amulet of magic regeneration
HPRegen 0.29/turn               K - ring of wizardry
MPRegen 0.66/turn               u - ring of positive energy

@: flying
A: fangs 1, strong nose, distributed training
a: Renounce Religion


You were on level 12 of the Dungeon.
You worshipped Vehumet.
Vehumet was extremely pleased with you.
You visited 3 branches of the dungeon, and saw 19 of its levels.

You collected 1294 gold pieces.

Inventory:

Hand Weapons
 f - the +4 dagger "Ytzuh" {drain, Int+3 Dex+4}
   (You found it on level 7 of the Dungeon)

   A truly terrible weapon, it drains the life of any living foe it strikes.
   Int:       It affects your intelligence (+3).
   Dex:       It affects your dexterity (+4).
 U - the +5 flail of Intimidation (weapon) {protect, MP+9 Str+4 Int+3}
   (You found it on level 11 of the Dungeon)

   It grants its wielder temporary protection when it strikes (+7 to AC).
   Str:       It affects your strength (+4).
   Int:       It affects your intelligence (+3).
   MP:        It affects your magic capacity (+9).
Missiles
 l - 33 poisoned darts
 n - 4 throwing nets
 s - 12 curare-tipped darts
 F - 181 stones
 Q - 6 boomerangs
Armour
 b - +3 steam dragon scales (worn)
 c - a +0 cloak (worn)
 e - a +2 robe of willpower
 h - +0 swamp dragon scales
 q - the +1 Delatra's gloves (worn) {ID++}
   (You found it on level 5 of the Dungeon)

   It heals its wearer when they drink unknown potions.
   It restores its wearer's MP when they read unknown scrolls.
 B - a +0 kite shield (worn)
 C - a +1 hat (worn)
 D - an orb of energy
 O - a +2 pair of boots of flying (worn)
 V - the +3 hat of Pondering {ponderous, Will+ MP+10 Int+5}
   (You took it off Gastronok on level 11 of the Dungeon)

   Int:       It affects your intelligence (+5).
   MP:        It affects your magic capacity (+10).
   Will:      It increases your willpower.
Jewellery
 m - a ring of see invisible
 t - a +6 ring of strength
 u - a ring of positive energy (right hand)
 w - an amulet of magic regeneration (around neck)
 y - an amulet of the acrobat
 I - a ring of positive energy
 K - a ring of wizardry (left hand)
 L - a ring of flight
 T - a ring of protection from cold
Wands
 a - a wand of acid (12)
 v - a wand of flame (28)
 A - a wand of digging (2)
 E - a wand of polymorph (1)
Scrolls
 i - 2 scrolls of immolation
 j - 4 scrolls of magic mapping
 k - 5 scrolls of teleportation
 x - 2 scrolls of enchant weapon
 G - 6 scrolls of identify
 H - 2 scrolls of amnesia
 J - 4 scrolls of holy word
Potions
 d - 4 potions of curing
 g - 3 potions of invisibility
 o - 4 potions of brilliance
 p - a potion of might
 r - 3 potions of mutation
 z - 2 potions of haste
 P - a potion of berserk rage
 R - a potion of flight {unknown}
 S - a potion of cancellation {unknown}
 W - a potion of attraction {unknown}
Miscellaneous
 M - a condenser vane


   Skills:
 + Level 10.1 Fighting
 + Level 10.1 Short Blades
 + Level 10.1 Long Blades
 + Level 10.1 Axes
 + Level 10.1 Maces & Flails
 + Level 10.1 Polearms
 + Level 10.1 Staves
 + Level 10.1 Slings
 + Level 10.1 Bows
 + Level 10.1 Crossbows
 + Level 10.1 Throwing
 + Level 10.1 Armour
 + Level 11.1 Dodging
 + Level 10.9 Stealth
 + Level 10.1 Shields
 + Level 10.1 Unarmed Combat
 + Level 11.2 Spellcasting
 + Level 11.0 Conjurations
 + Level 8.4 Hexes
 + Level 8.4 Summonings
 + Level 8.4 Necromancy
 + Level 8.4 Translocations
 + Level 8.4 Transmutations
 + Level 8.4 Fire Magic
 + Level 8.4 Ice Magic
 + Level 8.4 Air Magic
 + Level 8.4 Earth Magic
 + Level 8.4 Poison Magic
 + Level 11.0 Invocations
 + Level 10.1 Evocations


You had 10 spell levels left.
You knew the following spells:

 Your Spells              Type           Power      Damage    Failure   Level
a - Magic Dart            Conj           100%       1d8       1%          1
b - Searing Ray           Conj           100%       2d8       1%          2
c - Fulminant Prism       Conj/Hex       30%        3d16      1%          4
d - Iskenderun's Mystic   Conj/Tloc      61%        2d13      1%          4
e - Vampiric Draining     Necr           57%        2d10      1%          3
f - Sandblast             Erth           100%       2d20      1%          1
g - Iskenderun's Battles  Conj           66%        2d12      1%          5
h - Starburst             Conj/Fire      30%        6d9       2%          6

Your spell library contained the following spells:

 Spells                   Type           Power      Damage    Failure   Level
 Lightning Bolt           Conj/Air       30%        1d47      1%          5
 Shock                    Conj/Air       100%       1d9       1%          1
 Slow                     Hex            100%       N/A       1%          1
 Corpse Rot               Necr/Air       100%       N/A       1%          2
 Confusing Touch          Hex            57%        N/A       1%          3
 Conjure Flame            Conj/Fire      61%        6-21      1%          3
 Dazzling Flash           Conj/Hex       100%       N/A       1%          3
 Ignite Poison            Fire/Tmut/Pois 57%        N/A       1%          3
 Swiftness                Air            57%        N/A       1%          3
 Airstrike                Air            28%        N/A       1%          4
 Animate Dead             Necr           28%        N/A       1%          4
 Dispel Undead            Necr           57%        3d20      1%          4
 Sticky Flame             Conj/Fire      61%        2d8       1%          4
 Fireball                 Conj/Fire      30%        3d13      1%          5
 Lee's Rapid Deconstruct  Erth           28%        3d16*     1%          5
 Yara's Violent Unravell  Hex/Tmut       28%        3d12      1%          5
 Borgnjor's Vile Clutch   Necr/Erth      28%        N/A       2%          5
 Conjure Ball Lightning   Conj/Air       30%        3x3d10    2%          6
 Orb of Destruction       Conj           33%        9d10      9%          7
 Death Channel            Necr           28%        N/A       16%         6
 Enfeeble                 Hex            28%        N/A       61%         7


Dungeon Overview and Level Annotations

Branches:
Dungeon (12/15)            Temple (1/1) D:6            Lair (6/6) D:10
 Shoals (0/4) Lair:4       Spider (0/4) Lair:4        Slime (0/5) Lair:5
    Orc (0/2) D:9

Altars:
Ashenzari
Cheibriados
Dithmenos
Elyvilon
Fedhas
Gozag
Hepliaklqana
Kikubaaqudgha
Makhleb
Nemelex Xobeh
Okawaru
Qazlal
Ru
Sif Muna
Trog
Uskayaw
Vehumet
Wu Jian
Xom
Yredelemnul
Zin
The Shining One
Jiyva

Annotations:
D:3 exclusion: downstairs
D:4 exclusion: downstairs
D:6 exclusions: downstairs, steam dragon and upstairs
D:7 exclusion: downstairs
D:9 exclusion: 2 downstairs
D:12 Jorgrun
Lair:5 1 runed translucent door, exclusion: 2 downstairs


Innate Abilities, Weirdness & Mutations

You have very sharp teeth.
Your uncanny sense of smell can sniff out nearby items.
Your experience applies equally to all skills.


Message History

The grasping roots constrict you!
* * * LOW HITPOINT WARNING * * *
The roots' grasp on you weakens, but your attempt to escape fails.
Your battlesphere wavers and loses cohesion.
The grasping roots constrict you!
* * * LOW HITPOINT WARNING * * *
Unknown command.
Okay, then.
You feel better. You block Jorgrun's attack. The grasping roots constrict you.
* * * LOW HITPOINT WARNING * * *
Casting: Magic Dart (safe; 1% risk of failure)
Confirm with . or Enter, or press ? or * to list all spells.
You erupt in a blast of force!
The mystic blast hits the manticore.
The manticore is lightly wounded.
The mystic blast hits Jorgrun!
Jorgrun is lightly wounded.
Jorgrun is knocked back by the mystic blast.
Jorgrun collides with something!
Jorgrun is lightly wounded.
The mystic blast hits the cyclops.
The cyclops is lightly wounded.
The cyclops is knocked back by the mystic blast.
The cyclops slams into the rock wall!
The cyclops is lightly wounded.
The grasping roots constrict you!
* * * LOW HITPOINT WARNING * * *
Casting: Iskenderun's Mystic Blast (safe; 1% risk of failure)
Confirm with . or Enter, or press ? or * to list all spells.
Aiming: Vampiric Draining (safe; 1% risk of failure)
Press: ? - help, Shift-Dir - straight line, f - Jorgrun
Aim: Jorgrun, wielding a +0 vorpal quarterstaff and wearing a +2 robe of fire resistance (blue smoke, lightly wounded)
Okay, then.
You escape the roots' grasp.
Jorgrun points next to you and mumbles some strange words.
Some rock shatters into small pieces.
There is a stone staircase leading down here.
There is a stone staircase leading up here.
The komodo dragon hisses menacingly.
The cyclops throws a large rock.
The large rock hits you!!
You die...

... #.H. #.#
#).#
.###9#####§.#
.....§§§§§§#
#####§§####
##9l# #.
###.H#§##...
###.gC.##....#
#..@..........
##.##......###
#.# #......#
#.# #......#
#.# ######## ∆
##


You could see Jorgrun, a manticore, a cyclops, a komodo dragon and a gargoyle.

Vanquished Creatures
  Gastronok (D:11)
  A fire dragon (Lair:4)
  Harold (D:6)
  Erolcha (D:12)
  11 hydras
  A boulder beetle (D:11)
  A catoblepas (Lair:5)
  5 two-headed ogres
  A tengu warrior (D:10)
  Urug (Lair:6)
  14 death yaks
  Nergalle (D:11)
  2 lindwurms
  A swamp dragon (Lair:3)
  Pikel (D:6)
  17 elephants
  A merfolk siren (Lair:4)
  7 black mambas
  2 torpor snails (Lair:6)
  A gargoyle (D:10)
  An unseen horror (D:12)
  Maggie (D:6)
  19 cane toads
  Psyche (D:11)
  A kobold demonologist (D:11)
  10 rime drakes
  9 komodo dragons
  A polar bear (Lair:2)
  4 meliai
  4 trolls
  A hornet (D:9)
  22 blink frogs
  4 slime creatures (D:12)
  7 dream sheep
  2 wraiths
  45 yaks
  5 wyverns
  4 basilisks
  Grum (D:8)
  10 steam dragons
  Edmund (Temple)
  2 acid dragons
  22 water moccasins
  A sky beast (D:7)
  3 black bears
  10 orc warriors
  2 ice beasts
  4 necrophages (D:6)
  3 ogres (D:11)
  6 centaurs
  3 lemures
  17 wolves
  A kobold brigand (D:8)
  15 bullfrogs
  2 gnoll sergeants
  A wyvern skeleton (D:5)
  5 killer bees
  6 wights
  7 howler monkeys
  5 electric eels (Lair:6)
  2 lava snakes (Lair:6)
  2 bullfrog zombies (D:6)
  4 centaur zombies
  A hound (D:6)
  2 jellies
  5 orc priests
  An iguana (D:7)
  A bullfrog skeleton (D:6)
  3 centaur skeletons
  2 gnoll shamans
  2 orc wizards (D:5)
  2 killer bee zombies
  2 hound skeletons
  A howler monkey zombie (D:8)
  17 gnolls
  4 adders
  2 white imps
  An ufetubus (D:5)
  7 dart slugs
  40 orcs
  5 ball pythons
  8 endoplasms
  5 giant cockroaches
  6 goblins
  7 hobgoblins
  8 jackals
  8 quokkas
  18 bats
  5 frilled lizards
  5 kobolds
  5 rats
  3 bushes (D:6)
  6 fulminant prisms
529 creatures vanquished.

Vanquished Creatures (others)
  379 fulminant prisms
  96 fungi
  96 plants
571 creatures vanquished.

Grand Total: 1100 creatures vanquished

Notes
Turn   | Place    | Note
-------+----------+-------------------------------------------
     0 | D:1      | Jepp2078 the Gnoll Conjurer began the quest for the Orb.
     0 | D:1      | Reached XP level 1. HP: 13/13 MP: 6/6
   148 | D:1      | Reached XP level 2. HP: 19/19 MP: 4/7
   663 | D:1      | Reached XP level 3. HP: 25/25 MP: 5/9
   766 | D:1      | Reached skill level 5 in Spellcasting
   820 | D:1      | Found a faded altar of an unknown god.
  1115 | D:1      | Reached skill level 1 in Invocations
  1151 | D:1      | Learned a level 2 spell: Searing Ray
  1669 | D:2      | Reached skill level 1 in Fighting
  1669 | D:2      | Reached skill level 1 in Short Blades
  1669 | D:2      | Reached skill level 1 in Long Blades
  1669 | D:2      | Reached skill level 1 in Axes
  1669 | D:2      | Reached skill level 1 in Maces & Flails
  1669 | D:2      | Reached skill level 1 in Polearms
  1669 | D:2      | Reached skill level 1 in Staves
  1669 | D:2      | Reached skill level 1 in Slings
  1669 | D:2      | Reached skill level 1 in Bows
  1669 | D:2      | Reached skill level 1 in Crossbows
  1669 | D:2      | Reached skill level 1 in Throwing
  1669 | D:2      | Reached skill level 1 in Armour
  1669 | D:2      | Reached skill level 1 in Shields
  1669 | D:2      | Reached skill level 1 in Unarmed Combat
  1669 | D:2      | Reached skill level 1 in Evocations
  1993 | D:2      | Reached XP level 4. HP: 32/32 MP: 6/11
  2652 | D:3      | Reached skill level 1 in Hexes
  2652 | D:3      | Reached skill level 1 in Summonings
  2652 | D:3      | Reached skill level 1 in Necromancy
  2652 | D:3      | Reached skill level 1 in Translocations
  2652 | D:3      | Reached skill level 1 in Transmutations
  2652 | D:3      | Reached skill level 1 in Fire Magic
  2652 | D:3      | Reached skill level 1 in Ice Magic
  2652 | D:3      | Reached skill level 1 in Air Magic
  2652 | D:3      | Reached skill level 1 in Earth Magic
  2652 | D:3      | Reached skill level 1 in Poison Magic
  2696 | D:3      | Reached XP level 5. HP: 37/37 MP: 1/12
  2913 | D:3      | Found an ornate altar of the Wu Jian Council.
  2960 | D:3      | Noticed a water moccasin
  3009 | D:2      | Killed a water moccasin
  3010 | D:2      | Reached XP level 6. HP: 14/44 MP: 4/14
  3265 | D:3      | Reached skill level 5 in Dodging
  5520 | D:4      | Reached XP level 7. HP: 50/50 MP: 8/15
  5575 | D:5      | Entered Level 5 of the Dungeon
  7327 | D:5      | Found the +1 Delatra's gloves {ID++}
  7903 | D:6      | Reached skill level 5 in Stealth
  7961 | D:6      | Noticed Edmund
  8054 | D:6      | Noticed a wraith
  8339 | D:6      | Found a shimmering altar of Xom.
  8349 | D:6      | Found a shimmering altar of Xom.
  8350 | D:6      | Found a shimmering altar of Xom.
  8350 | D:6      | Found a shimmering altar of Xom.
  8352 | D:6      | Found a shimmering altar of Xom.
  8352 | D:6      | Found a shimmering altar of Xom.
  8354 | D:6      | Found a shimmering altar of Xom.
  8356 | D:6      | Noticed Maggie
  8711 | D:6      | Noticed a steam dragon
  8750 | D:6      | Reached XP level 8. HP: 52/57 MP: 9/16
  8995 | D:6      | Learned a level 4 spell: Fulminant Prism
  9160 | D:6      | Noticed Pikel
  9421 | D:7      | Noticed Harold
  9455 | D:6      | Found a staircase to the Ecumenical Temple.
  9466 | Temple   | Entered the Ecumenical Temple
  9782 | Temple   | Became a worshipper of Vehumet
  9998 | Temple   | Killed Edmund
 10120 | Temple   | Learned a level 4 spell: Iskenderun's Mystic Blast
 10372 | D:6      | Found a blossoming altar of Fedhas.
 10553 | D:6      | Killed Pikel
 10591 | D:6      | Killed Maggie
 10592 | D:6      | Reached XP level 9. HP: 48/65 MP: 1/18
 11080 | D:6      | D:5
 11206 | D:6      | Killed Harold
 11207 | D:6      | Reached skill level 5 in Invocations
 11584 | D:7      | Reached XP level 10. HP: 65/73 MP: 1/20
 12388 | D:7      | Reached skill level 5 in Fighting
 12388 | D:7      | Reached skill level 5 in Short Blades
 12388 | D:7      | Reached skill level 5 in Long Blades
 12388 | D:7      | Reached skill level 5 in Axes
 12388 | D:7      | Reached skill level 5 in Maces & Flails
 12388 | D:7      | Reached skill level 5 in Polearms
 12388 | D:7      | Reached skill level 5 in Staves
 12388 | D:7      | Reached skill level 5 in Slings
 12388 | D:7      | Reached skill level 5 in Bows
 12388 | D:7      | Reached skill level 5 in Crossbows
 12388 | D:7      | Reached skill level 5 in Throwing
 12388 | D:7      | Reached skill level 5 in Armour
 12388 | D:7      | Reached skill level 5 in Shields
 12388 | D:7      | Reached skill level 5 in Unarmed Combat
 12388 | D:7      | Reached skill level 5 in Evocations
 12892 | D:7      | Reached * piety under Vehumet
 12892 | D:7      | Offered knowledge of Shock by Vehumet.
 12897 | D:7      | Learned a level 3 spell: Vampiric Draining
 13060 | D:7      | D:7
 13092 | D:7      | Identified the +4 dagger "Ytzuh" {drain, Int+3 Dex+4}
 13461 | D:8      | Noticed Grum
 13465 | D:8      | Killed Grum
 13502 | D:8      | Noticed a two-headed ogre
 13900 | D:8      | Identified the +1 robe "Suhiuse" {Harm rF+ Will- Str+4}
 14003 | D:8      | Killed a two-headed ogre
 15070 | D:9      | Reached XP level 11. HP: 78/81 MP: 19/22
 15193 | D:9      | Offered knowledge of Sandblast by Vehumet.
 15200 | D:9      | Reached ** piety under Vehumet
 15213 | D:9      | Found a staircase to the Orcish Mines.
 15665 | D:9      | Reached skill level 5 in Hexes
 15665 | D:9      | Reached skill level 5 in Summonings
 15665 | D:9      | Reached skill level 5 in Necromancy
 15665 | D:9      | Reached skill level 5 in Translocations
 15665 | D:9      | Reached skill level 5 in Transmutations
 15665 | D:9      | Reached skill level 5 in Fire Magic
 15665 | D:9      | Reached skill level 5 in Ice Magic
 15665 | D:9      | Reached skill level 5 in Air Magic
 15665 | D:9      | Reached skill level 5 in Earth Magic
 15665 | D:9      | Reached skill level 5 in Poison Magic
 15777 | D:9      | Noticed a two-headed ogre
 15886 | D:9      | Killed a two-headed ogre
 16177 | D:9      | Noticed a two-headed ogre
 16184 | D:9      | Killed a two-headed ogre
 16325 | D:9      | Found a burning altar of Makhleb.
 16325 | D:9      | Found a glowing golden altar of the Shining One.
 16331 | D:9      | Found a bloodstained altar of Trog.
 16333 | D:9      | Found a sacrificial altar of Ru.
 16335 | D:9      | Found a hazy altar of Hepliaklqana.
 16471 | D:10     | Entered Level 10 of the Dungeon
 16510 | D:10     | Found a staircase to the Lair.
 18327 | D:10     | Noticed a two-headed ogre
 18328 | D:10     | Noticed a tengu warrior
 18343 | D:10     | Killed a two-headed ogre
 18349 | D:10     | Killed a tengu warrior
 18350 | D:10     | Reached XP level 12. HP: 89/89 MP: 4/24
 18944 | D:9      | Learned a level 1 spell: Sandblast
 19296 | Lair:1   | Entered Level 1 of the Lair of Beasts
 19579 | Lair:1   | Offered knowledge of Scorch by Vehumet.
 20773 | Lair:2   | Reached *** piety under Vehumet
 20843 | Lair:2   | Noticed a four-headed hydra
 20851 | Lair:2   | Killed a four-headed hydra
 20916 | Lair:2   | Noticed an eight-headed hydra
 21034 | Lair:2   | Killed an eight-headed hydra
 21383 | Lair:2   | Noticed a four-headed hydra
 21388 | Lair:2   | Killed a four-headed hydra
 21998 | Lair:3   | Offered knowledge of Inner Flame by Vehumet.
 22004 | Lair:3   | Noticed a death yak
 22008 | Lair:3   | Noticed a death yak
 22008 | Lair:3   | Noticed a death yak
 22009 | Lair:3   | Noticed a death yak
 22009 | Lair:3   | Noticed a death yak
 22023 | Lair:3   | Killed a death yak
 22648 | Lair:2   | Reached XP level 13. HP: 46/98 MP: 1/26
 23385 | Lair:3   | Reached **** piety under Vehumet
 23557 | Lair:3   | Offered knowledge of Frozen Ramparts by Vehumet.
 24316 | Lair:3   | Reached skill level 10 in Conjurations
 24952 | Lair:3   | Learned a level 5 spell: Iskenderun's Battlesphere
 25530 | Lair:4   | Found a hole to the Spider Nest.
 25865 | Lair:4   | Reached skill level 10 in Spellcasting
 26052 | Lair:4   | Noticed a fire dragon
 26060 | Lair:4   | Killed a fire dragon
 26420 | Lair:4   | Found a staircase to the Shoals.
 27106 | Lair:5   | Reached skill level 10 in Dodging
 27119 | Lair:5   | Reached XP level 14. HP: 84/106 MP: 25/28
 27144 | Lair:5   | Reached ***** piety under Vehumet
 27144 | Lair:5   | Offered knowledge of Starburst by Vehumet.
 27166 | Lair:5   | Learned a level 6 spell: Starburst
 27502 | Lair:5   | Reached skill level 10 in Stealth
 27881 | Lair:5   | Reached skill level 10 in Invocations
 28183 | Lair:5   | Found a runed translucent door.
 28183 | Lair:5   | Found a viscous altar of Jiyva.
 28184 | Lair:5   | Noticed an azure jelly
 28304 | Lair:5   | Found a shimmering altar of Xom.
 28573 | Lair:5   | Found a staircase to the Slime Pits.
 28777 | Lair:6   | Entered Level 6 of the Lair of Beasts
 28882 | Lair:6   | Noticed Urug
 30455 | Lair:6   | Killed Urug
 30947 | Lair:6   | Reached XP level 15. HP: 78/115 MP: 7/29
 31201 | Lair:6   | Offered knowledge of Lightning Bolt by Vehumet.
 31778 | D:11     | Noticed Nergalle
 31783 | D:11     | Noticed Psyche
 31788 | D:11     | Killed Psyche
 31791 | D:11     | Killed Nergalle
 31949 | D:11     | Identified the +5 flail of Intimidation {protect, MP+9
                  | Str+4 Int+3}
 32078 | D:11     | Reached skill level 10 in Fighting
 32078 | D:11     | Reached skill level 10 in Short Blades
 32078 | D:11     | Reached skill level 10 in Long Blades
 32078 | D:11     | Reached skill level 10 in Axes
 32078 | D:11     | Reached skill level 10 in Maces & Flails
 32078 | D:11     | Reached skill level 10 in Polearms
 32078 | D:11     | Reached skill level 10 in Staves
 32078 | D:11     | Reached skill level 10 in Slings
 32078 | D:11     | Reached skill level 10 in Bows
 32078 | D:11     | Reached skill level 10 in Crossbows
 32078 | D:11     | Reached skill level 10 in Throwing
 32078 | D:11     | Reached skill level 10 in Armour
 32078 | D:11     | Reached skill level 10 in Shields
 32078 | D:11     | Reached skill level 10 in Unarmed Combat
 32078 | D:11     | Reached skill level 10 in Evocations
 32390 | D:11     | Noticed Gastronok
 32400 | D:11     | Killed Gastronok
 32712 | D:12     | Noticed Erolcha
 32716 | D:12     | Killed Erolcha
 32718 | D:12     | Noticed Jorgrun
 32731 | D:12     | Hit by a large rock thrown by a cyclops

Illustrated notes

###### ##....# #...#.####
##.##....# #####.#####.#########
#...#.#...#.......... #######
#...#.#...####.######
......#######..†P†.†..####.###.##
#####.#.....#...@_P...##.[.......
#.#.#####...PP....####.###.##
#.#.# #.........# #.......
#.#.######.......### #.#...##
#.#.#....#########.# #.#...#
#.#.#.##.#########.###.#...#
#.#........##....#.#.......#
#.#..............#.#.)....###
#.#..###.###.....#...P.P.....


Turn 11080 on D:6: D:5 ############# #..).@......# #.#########.# #.# #.# #.# #.#
#.# #.# #.####### #.# #.......# #.# #.#####.# #.# ############.#####.###.# Turn
13060 on D:7: D:7

Levels and vault maps discovered:
D:1:      minmay_arrival_plants_in_alcoves, layout_basic, serial_glass,
          glass_columns_a, glass_columns_a, glass_columns_b, glass_columns_a,
          chequers_ecumenical_altar_grove
D:2:      layout_basic, minivault_23
D:3:      layout_basic, general_overflow_altar, minmay_divided_ellipse
D:4:      cheibrodos_quashed, layout_layer_cave
D:5:      layout_loops_ring, pf_guarded_unrand_delatra
D:6:      layout_basic, nicolae_xom_altar_mimics, fedhas_altar_decomposition,
          minmay_temple_entry_trees, minmay_misc_feat_tower, uniq_edmund,
          uniq_pikel, uniq_maggie
D:7:      layout_loops_ring, minmay_lizard_king, uniq_harold
D:8:      layout_loops_ring, uniq_grum
D:9:      layout_basic, chequers_temple_overflow_minitemple, david_orc_3
D:10:     kennysheep_six_static_rooms, layout_gridville,
          due_lair_maze_entry_diamond
D:11:     layout_roguey [special_room_orc], uniq_psyche, uniq_gastronok,
          uniq_nergalle
D:12:     layout_rooms, introduction_to_nature_1, uniq_kirke, uniq_erolcha,
          uniq_jorgrun
Temple:   eino_temple_water
Lair:1:   layout_concentric_octagons, roderic_batcave
Lair:2:   layout_roguey, st_stairs_10, grunt_megastairs_1
Lair:3:   layout_gridlike, hibernation_bobbens
Lair:4:   layout_roguey, elwin_shoals_entry_rooms,
          hellmonk_spider_entry_not_the_bees, bobbens_dragon_lair_wall
Lair:5:   wander_river, layout_hall_layers, slime_altar_2, basic_altar,
          grunt_forest_stairs_basic, nicolae_quartered_pool_medium,
          beast_lair_carwin_8
Lair:6:   hangedman_lair_in_review, layout_misc_corridors,
          nicolae_lair_liquid_snakes, serial_bayou_shore_b,
          serial_bayou_shore_b, uniq_urug

Skill      XL: |  1  2  3  4  5  6  7  8  9 10 11 12 13 14 15 |
---------------+----------------------------------------------+-----
Spellcasting   | 5 6 7 8 9 10 11 | 11.2
Invocations    | 1 2 3 4 5 6 7 8 9 10 11 | 11.0
Fighting       | 1 2 3 4 5 6 7 8 9 10 | 10.1
Short Blades   | 1 2 3 4 5 6 7 8 9 10 | 10.1
Long Blades    | 1 2 3 4 5 6 7 8 9 10 | 10.1
Axes           | 1 2 3 4 5 6 7 8 9 10 | 10.1
Maces & Flails | 1 2 3 4 5 6 7 8 9 10 | 10.1
Polearms       | 1 2 3 4 5 6 7 8 9 10 | 10.1
Staves         | 1 2 3 4 5 6 7 8 9 10 | 10.1
Slings         | 1 2 3 4 5 6 7 8 9 10 | 10.1
Bows           | 1 2 3 4 5 6 7 8 9 10 | 10.1
Crossbows      | 1 2 3 4 5 6 7 8 9 10 | 10.1
Throwing       | 1 2 3 4 5 6 7 8 9 10 | 10.1
Armour         | 1 2 3 4 5 6 7 8 9 10 | 10.1
Shields        | 1 2 3 4 5 6 7 8 9 10 | 10.1
Unarmed Combat | 1 2 3 4 5 6 7 8 9 10 | 10.1
Evocations     | 1 2 3 4 5 6 7 8 9 10 | 10.1
Hexes          | 1 2 3 4 5 6 7 8 |  8.4
Summonings     | 1 2 3 4 5 6 7 8 |  8.4
Necromancy     | 1 2 3 4 5 6 7 8 |  8.4
Translocations | 1 2 3 4 5 6 7 8 |  8.4
Transmutations | 1 2 3 4 5 6 7 8 |  8.4
Fire Magic     | 1 2 3 4 5 6 7 8 |  8.4
Ice Magic      | 1 2 3 4 5 6 7 8 |  8.4
Air Magic      | 1 2 3 4 5 6 7 8 |  8.4
Earth Magic    | 1 2 3 4 5 6 7 8 |  8.4
Poison Magic   | 1 2 3 4 5 6 7 8 |  8.4
Dodging        | 5 6 7 8 9 10 11 | 11.1
Stealth        | 5 6 7 8 9 10 | 10.9
Conjurations   | 8 9 10 11 | 11.0

Action                   |  1- 3 |  4- 6 |  7- 9 | 10-12 | 13-15 || total
-------------------------+-------+-------+-------+-------+-------++-------
Melee: Whip              |       |       |    34 |       |       ||    34
       Bite              |       |       |     5 |    23 |    15 ||    43
       Dagger            |       |       |       |   132 |    68 ||   200
       Punch             |       |       |       |     2 |       ||     2
 Cast: Magic Dart        |    78 |   118 |   123 |    88 |    44 ||   451
       Searing Ray       |       |    13 |    34 |    19 |     2 ||    68
       Fulminant Prism   |       |       |    19 |   152 |   215 ||   386
       Iskenderun's Myst |       |       |       |    21 |    52 ||    73
       Vampiric Draining |       |       |       |     1 |       ||     1
       Sandblast         |       |       |       |    57 |   156 ||   213
       Iskenderun's Batt |       |       |       |       |    39 ||    39
       Starburst         |       |       |       |       |    10 ||    10
  Use: Scroll            |       |       |    13 |    14 |     7 ||    34
       Potion            |       |       |     4 |     1 |     2 ||     7
 Stab: Invisible         |       |       |     2 |       |       ||     2
Armor: Robe              |     5 |    10 |    29 |       |       ||    44
       Steam dragon scal |       |       |     8 |   115 |    95 ||   218
Dodge: Dodged            |     9 |    35 |   113 |   298 |   173 ||   628
Block: Kite shield       |       |       |       |       |   130 ||   130
